 Dungeon Crawl Stone Soup version 0.21.1-1-g345015f (webtiles) character file.

105 Monsterracer the Insei (level 4, 0/35 HPs)
             Began as a Draconian Venom Mage on Feb 13, 2018.
             Killed by nerve-wracking pain
             ... invoked by Grinder
              (6 damage)
             ... on level 3 of the Dungeon.
             The game lasted 00:04:11 (2927 turns).

Monsterracer the Insei (Draconian Venom Mage)       Turns: 2927, Time: 00:04:12

Health: 0/35       AC:  5    Str: 13    XL:     4   Next: 53%
Magic:  7/7        EV: 12    Int: 16    God:
Gold:   116        SH:  0    Dex: 12    Spells: 0/7 levels left

rFire    . . .     SeeInvis .     - Unarmed
rCold    . . .     Gourm    .   (no shield)
rNeg     . . .     Faith    .   (armour unavailable)
rPois    .         Spirit   .   (helmet restricted)
rElec    .         Reflect  .   (no cloak)
rCorr    .         Harm     .   (no gloves)
MR       .....                  (no boots)
Stlth    ++........             (no amulet)
HPRegen  0.11/turn              g - +3 ring of strength
MPRegen  0.10/turn              (no ring)

@: no status effects
A: unfitting armour, cold-blooded, AC +5
a: no special abilities


You were on level 3 of the Dungeon.
You were not hungry.

You visited 1 branch of the dungeon, and saw 3 of its levels.

You collected 116 gold pieces.

Inventory:

Jewellery
 g - a +3 ring of strength (left hand)
Scrolls
 b - 2 scrolls of identify {unknown}
 e - 2 scrolls of enchant armour {unknown}
 f - a scroll of fear {unknown}
 j - 2 scrolls of magic mapping {unknown}
 l - a scroll of amnesia {unknown}
Potions
 d - 3 potions of brilliance {unknown}
 h - a potion of lignification {unknown}
 i - a potion of degeneration {unknown}
Comestibles
 a - 3 chunks of flesh
 c - 3 rations


   Skills:
 + Level 1.1 Fighting
 - Level 1.7 Dodging
 - Level 1.7 Stealth
 * Level 4.0 Unarmed Combat
 - Level 2.0 Spellcasting
 - Level 1.0 Conjurations
 - Level 3.0 Poison Magic


You couldn't memorise any spells.
You knew the following spells:

 Your Spells              Type           Power        Failure   Level  Hunger
a - Poisonous Vapours     Pois/Air       #.....       17%         2    ###....
b - Sting                 Conj/Pois      #...         9%          1    #......
c - Olgreb's Toxic Radia  Pois           ##......     52%         4    #####..


Dungeon Overview and Level Annotations

Branches:
Dungeon (3/15)

Altars:
Wu Jian

Annotations:
D:3 Curus's ghost, amateur MiGl; Grinder


Innate Abilities, Weirdness & Mutations

Your plain brown scales are hard. (AC +5)
You cannot fit into any form of body armour.
You are cold-blooded and may be slowed by cold attacks.


Message History

A giant cockroach is nearby!
You hit the giant cockroach but do no damage.
You tail-slap the giant cockroach, but do no damage.
The giant cockroach bites you.
You take 1 damage, and have 34/35 hp.
You hit the giant cockroach.
The giant cockroach is heavily wounded.
The giant cockroach misses you.
Health restored: 35 You barely miss the giant cockroach.
The giant cockroach is heavily wounded.
The giant cockroach bites you but does no damage.
You closely miss the giant cockroach.
The giant cockroach is heavily wounded.
The giant cockroach bites you but does no damage.
A giant cockroach is nearby!
You barely miss the giant cockroach.
The giant cockroach is heavily wounded.
The giant cockroach misses you. The giant cockroach barely misses you.
You barely miss the giant cockroach.
You punch the giant cockroach, but do no damage.
The giant cockroach is heavily wounded.
The giant cockroach bites you but does no damage.
A giant cockroach is nearby!
You closely miss the giant cockroach. You tail-slap the giant cockroach.
The giant cockroach is almost dead.
The giant cockroach closely misses you.
A giant cockroach is nearby!
You hit the giant cockroach but do no damage.
Your tail-slap misses the giant cockroach.
The giant cockroach is almost dead.
The giant cockroach closely misses you.
You barely miss the giant cockroach.
Your tail-slap misses the giant cockroach.
The giant cockroach is almost dead.
The giant cockroach closely misses you.
MP restored: 7 A giant cockroach is nearby!
You hit the giant cockroach but do no damage.
The giant cockroach is severely wounded.
The giant cockroach misses you.
A giant cockroach is nearby!
You hit the giant cockroach.
You kill the giant cockroach!
You butcher the hobgoblin corpse.
a - 4 chunks of flesh Eating one of 4 chunks of flesh.
You eat one of the 4 chunks of flesh.
This raw flesh tastes terrible.
Grinder comes into view.
A goblin and a hobgoblin come into view.
Grinder moves out of view.
Found an ornate altar of the Wu Jian Council.
There are monsters nearby!
There are monsters nearby!
Grinder shouts!
A giant cockroach comes into view.
Found 6 gold pieces.
You hit the giant cockroach.
You tail-slap the giant cockroach, but do no damage.
The giant cockroach is heavily wounded.
The giant cockroach waves its antennae.
The giant cockroach misses you.
You hit the giant cockroach but do no damage.
The giant cockroach is heavily wounded.
The giant cockroach closely misses you. The giant cockroach bites you.
You take 1 damage, and have 34/35 hp.
You hit the giant cockroach.
You kill the giant cockroach!
Grinder gestures at you. Pain shoots through your body!
You take 8 damage, and have 26/35 hp.
MASSIVE DAMAGE!!
You are too injured to fight recklessly!
You are too injured to fight recklessly!
A goblin comes into view. It is wielding a club.
Grinder says, "Mostly I couldn't keep them alive."
Grinder gestures at you.
You suddenly lose the ability to move!
The goblin unwields an uncursed club.
The goblin wields a hunting sling.
The goblin shoots a sling bullet.
The sling bullet hits you. Grinder hits you but does no damage.
The goblin shoots a sling bullet.
The sling bullet hits you. Grinder hits you.
The goblin shoots a sling bullet.
The sling bullet hits you. Grinder gestures at you.
You barely resist.
You can move again.
You see here 3 sling bullets.
You take 8 damage, and have 18/35 hp.
MASSIVE DAMAGE!!
Found a leather armour.
Grinder closely misses you.
The goblin shoots a sling bullet.
The sling bullet closely misses you.
The sling bullet barely misses Grinder.
Grinder gestures at you. Pain shoots through your body!
* * * LOW HITPOINT WARNING * * *
You take 12 damage, and have 6/35 hp.
MASSIVE DAMAGE!!
The goblin unwields an uncursed hunting sling.
The goblin wields an uncursed club.
The goblin closely misses you. Grinder gestures at you.
Pain shoots through your body!
You die...

..# .............# .##
###..........# #
.#######.)#####
.......(..(#
#######.#### #### #.#
###...#########.##
............†....######
#...g@..5(.(........#
#..$..#######.#######
#...#.# ###.# #[.?#..
#...# ###
##..###.######
.#.........#
.g_..##.####g... .#.#
#5# # # ...


You could see Grinder and a goblin.

Vanquished Creatures
  3 adders
  An ooze (D:1)
  A worm (D:2)
  A dart slug (D:1)
  3 leopard geckos
  11 bats
  4 giant cockroaches
  5 goblins
  9 hobgoblins
  5 jackals
  6 kobolds
  A quokka (D:3)
  3 ball pythons
  4 frilled lizards
  5 rats
62 creatures vanquished.

Notes
Turn   | Place    | Note
-------+----------+-------------------------------------------
     0 | D:1      | Monsterracer the Draconian Venom Mage began the quest for the Orb.
     0 | D:1      | Reached XP level 1. HP: 14/14 MP: 3/3
    56 | D:1      | Reached skill level 1 in Unarmed Combat
    96 | D:1      | Reached XP level 2. HP: 20/20 MP: 0/5
   116 | D:1      | Learned a level 2 spell: Poisonous Vapours
   132 | D:1      | Reached skill level 2 in Unarmed Combat
   744 | D:1      | HP: 10/20 [giant cockroach (2)]
   754 | D:1      | Reached XP level 3. HP: 12/26 MP: 0/6
  1104 | D:1      | Reached skill level 3 in Unarmed Combat
  1198 | D:1      | HP: 13/26 [kobold/falchion (1)]
  2088 | D:2      | Reached XP level 4. HP: 34/34 MP: 7/7
  2197 | D:3      | Noticed Curus's ghost (amateur MiGl)
  2214 | D:2      | Learned a level 4 spell: Olgreb's Toxic Radiance
  2289 | D:2      | HP: 14/34 [hobgoblin (5)]
  2296 | D:2      | HP: 12/34 [poisoned by an adder]
  2303 | D:2      | HP: 10/34 [poisoned by an adder]
  2311 | D:2      | HP: 9/34 [poisoned by an adder]
  2540 | D:3      | Reached skill level 1 in Fighting
  2552 | D:3      | HP: 14/35 [hobgoblin/short sword (5)]
  2556 | D:3      | HP: 4/35 [quokka (4)]
  2560 | D:3      | Reached skill level 4 in Unarmed Combat
  2563 | D:3      | HP: 2/35 [poisoned by an adder]
  2905 | D:3      | Noticed Grinder
  2905 | D:3      | Found an ornate altar of the Wu Jian Council.
  2917 | D:3      | Paralysed by Grinder for 7 turns
  2926 | D:3      | HP: 6/35 [Grinder/nerve-wracking pain (13)]
  2927 | D:3      | Killed from afar by Grinder

Skill      XL: |  1  2  3  4 |
---------------+-------------+-----
Unarmed Combat | 1 2 3 4 |  4.0
Fighting       | 1 |  1.1
Dodging        | |  1.7
Stealth        | |  1.7
Spellcasting   | |  2.0
Conjurations   | |  1.0
Poison Magic   | |  3.0

Action                   |  1- 3 |  4- 6 || total
-------------------------+-------+-------++-------
Melee: Unarmed           |   141 |    50 ||   191
       Tailslap          |    15 |     5 ||    20
       Punch             |       |     1 ||     1
 Cast: Sting             |    25 |     7 ||    32
       Poisonous Vapours |    10 |     4 ||    14
 Stab: Sleeping          |     4 |       ||     4
  Eat: Chunk             |     4 |     4 ||     8
Armor: Skin              |    73 |    21 ||    94
Dodge: Dodged            |   121 |    57 ||   178

Vault maps used:
D:1:      minmay_arrival_plants_in_alcoves
D:2:      minmay_diamond_boxcup
D:3:      lemuel_crystal_altar, first_ration, uniq_grinder, uniq_natasha
